 Dungeon Sprint DCSS version 0.21.1-1-g345015f (webtiles) character file.

63 equalderp2856 the Covered (level 3, -9/37 HPs)
             Began as a Minotaur Fighter on May 31, 2018.
             Was an Initiate of Gozag.
             Mangled by a two-headed ogre
             ... wielding a +0 giant club
              (22 damage)
             ... in the Dungeon (Sprint IX: "|||||||||||||||||||||||||||||").
             The game lasted 00:00:48 (235 turns).

equalderp2856 the Covered (Minotaur Fighter)         Turns: 235, Time: 00:00:49

Health: -9/37      AC:  9    Str: 20    XL:     3   Next: 87%
Magic:  2/2        EV:  7    Int:  5    God:    Gozag
Gold:   0          SH: 10    Dex: 10    Spells: 2/2 levels left

rFire    . . .     SeeInvis .   a - +0 long sword
rCold    . . .     Gourm    .   c - +0 shield
rNeg     . . .     Faith    .   u - +1 scale mail
rPois    .         Spirit   .   (helmet restricted)
rElec    .         Reflect  .   (no cloak)
rCorr    .         Harm     .   t - +0 pair of gloves
MR       .....     NoTele   +   (no boots)
Stlth    ..........             (no amulet)
HPRegen  0.12/turn              (no ring)
MPRegen  0.08/turn              (no ring)

@: gold aura
A: retaliatory headbutt, horns 2
a: Potion Petition, Call Merchant, Bribe Branch, Renounce Religion


You were in the Dungeon.
You worshipped Gozag.
Gozag was noncommittal.
You were not hungry.

You visited 1 branch

Inventory:

Hand Weapons
 a - a +0 long sword (weapon)
 r - a +1 broad axe of freezing
 s - a +2 scimitar of holy wrath
Armour
 b - a +0 scale mail
 c - a +0 shield (worn)
 t - a +0 pair of gloves (worn)
 u - a +1 scale mail (worn)
Jewellery
 p - a +3 ring of strength
 q - a +2 ring of evasion
Wands
 o - a wand of acid (8)
Scrolls
 k - 2 scrolls of blinking
 m - 3 scrolls of remove curse
 n - 2 scrolls of amnesia
Potions
 d - a potion of might
 e - 5 potions of curing
 g - 3 potions of heal wounds
 h - a potion of haste
 i - 4 potions of magic
 j - a potion of berserk rage
 l - a potion of invisibility
Comestibles
 f - a ration


   Skills:
 + Level 5.7 Fighting
 + Level 4.5 Long Blades
 + Level 6.0 Armour
 + Level 6.0 Shields


You had 2 spell levels left.
You didn't know any spells.

Dungeon Overview and Level Annotations

Branches:
Dungeon (1/1)

Altars:
Cheibriados
Dithmenos
Elyvilon
Fedhas
Gozag
Hepliaklqana
Kikubaaqudgha
Makhleb
Nemelex Xobeh
Okawaru
Qazlal
Ru
Sif Muna
Trog
Uskayaw
Vehumet
Wu Jian
Xom
Yredelemnul
Zin
The Shining One
Beogh
Jiyva
Lugonu


Innate Abilities, Weirdness & Mutations

You reflexively headbutt those who attack you in melee.
You have a pair of horns on your head.


Message History

You hit the two-headed ogre. You headbutt the two-headed ogre.
The two-headed ogre is severely wounded.
The two-headed ogre hits you with a giant spiked club!
The bullfrog releases a deep croak.
You closely miss the two-headed ogre. You headbutt the two-headed ogre.
The two-headed ogre is almost dead.
You block the two-headed ogre's attack. The two-headed ogre closely misses you.
The shadow imp is distracted by the nearby gold.
Unknown command.
You hit the two-headed ogre.
The two-headed ogre is almost dead.
You block the two-headed ogre's attack.
The two-headed ogre hits you with a giant spiked club.
Unknown command.
You barely miss the two-headed ogre.
The two-headed ogre is almost dead.
The two-headed ogre hits you with a giant club!!
Ouch! That really hurt!
You die...
Your body crumbles into a pile of gold.

$
▓.▓
$
▓.▓
$
▓5▓
$
▓H▓
$ $
▓H▓
▓F▓
$
▓O▓
$
▓@▓
$
▓.▓
▓.▓
$
▓[▓
▓.▓
$
▓)▓
$
▓|▓
$
▓.▓
$
▓.▓


You could see a two-headed ogre, 2 hippogriffs, a bullfrog and a shadow imp.

Vanquished Creatures
  A crimson imp (D)
  2 adders (D)
  A leopard gecko (D)
  An orc (D)
  A kobold (D)
  2 frilled lizards (D)
  A giant cockroach zombie (D)
  2 rats (D)
11 creatures vanquished.

Notes
Turn   | Place    | Note
-------+----------+-------------------------------------------
     0 | D        | equalderp2856 the Minotaur Fighter began the quest for the Orb.
     0 | D        | Reached XP level 1. HP: 19/19 MP: 0/0
   110 | D        | Noticed a crimson imp
   114 | D        | Reached XP level 2. HP: 28/28 MP: 1/1
   115 | D        | Reached skill level 5 in Fighting
   115 | D        | Reached skill level 5 in Armour
   115 | D        | Reached skill level 5 in Shields
   134 | D        | Killed a crimson imp
   134 | D        | Reached XP level 3. HP: 37/37 MP: 2/2
   138 | D        | Found a roughly hewn altar of Beogh.
   138 | D        | Found a snail-covered altar of Cheibriados.
   138 | D        | Found a shadowy altar of Dithmenos.
   138 | D        | Found a white marble altar of Elyvilon.
   138 | D        | Found a blossoming altar of Fedhas.
   138 | D        | Found an opulent altar of Gozag.
   139 | D        | Found a hazy altar of Hepliaklqana.
   140 | D        | Found a viscous altar of Jiyva.
   141 | D        | Found an ancient bone altar of Kikubaaqudgha.
   142 | D        | Found a corrupted altar of Lugonu.
   143 | D        | Found a burning altar of Makhleb.
   144 | D        | Found a sparkling altar of Nemelex Xobeh.
   145 | D        | Found an iron altar of Okawaru.
   146 | D        | Found a stormy altar of Qazlal.
   147 | D        | Found a sacrificial altar of Ru.
   148 | D        | Found a deep blue altar of Sif Muna.
   152 | D        | Became a worshipper of Gozag Ym Sagoz the Greedy
   156 | D        | Found a bloodstained altar of Trog.
   157 | D        | Found a hide-covered altar of Uskayaw.
   158 | D        | Found a radiant altar of Vehumet.
   159 | D        | Found an ornate altar of the Wu Jian Council.
   160 | D        | Found a shimmering altar of Xom.
   161 | D        | Found a basalt altar of Yredelemnul.
   162 | D        | Found a glowing silver altar of Zin.
   163 | D        | Found a glowing golden altar of the Shining One.
   227 | D        | Noticed a hippogriff
   227 | D        | Noticed a hippogriff
   227 | D        | Noticed a bullfrog
   227 | D        | Noticed a two-headed ogre
   235 | D        | Mangled by a two-headed ogre

Skill      XL: |  1  2  3 |
---------------+----------+-----
Fighting       | 4 5 |  5.7
Armour         | 4 6 |  6.0
Shields        | 4 5 6 |  6.0
Long Blades    | 3 4 |  4.5

Action                   || total
-------------------------++-------
Melee: Long sword        ||    39
       Headbutt          ||     7
Evoke: Wand              ||     2
Armor: Scale mail        ||    10
Dodge: Dodged            ||    12
Block: Shield            ||    20
       Rpst.: Long sword ||     4
